 Dungeon Crawl Stone Soup version 0.30-a0-1053-gbd8d5ba0ad (webtiles) character file.

Game seed: 1621090567948477324

856 Hubris850 the Magician (level 8, 0/50 HPs)
             Began as a Djinni Ice Elementalist on Apr 11, 2023.
             Slain by Duvessa
             ... wielding a +0 rapier
              (2 damage)
             ... on level 4 of the Dungeon.
             The game lasted 00:13:25 (4076 turns).

Hubris850 the Magician (Djinni Ice Elementalist)    Turns: 4076, Time: 00:13:25

Health: 0/50       AC:  4    Str:  7    XL:     8   Next: 22%
Gold:   282        EV: 13    Int: 25    God:
                   SH:  0    Dex: 14

rFire   + + .      SeeInvis +    w - +0 short sword
rCold   x . .      Faith    .    (no shield)
rNeg    . . .      Spirit   .    a - +0 robe
rPois   ∞          Reflect  .    (no helmet)
rElec   .          Rampage  .    B - +0 cloak
rCorr   .                        q - +0 pair of gloves
Will    .....                    (boots unavailable)
Stlth   ++                       (no amulet)
HPRegen 0.28/turn                i - +6 ring of intelligence
MPRegen 0.00/turn                C - ring of see invisible

@: mighty, freezing walls, flying
A: sickness immunity, fire resistance 2, cold vulnerability 1, float, innate
caster, HP casting, extra vitality 1
a: no special abilities


You were on level 4 of the Dungeon.
You visited 1 branch of the dungeon, and saw 6 of its levels.

You collected 282 gold pieces.

Inventory:

Hand Weapons
 b - a +0 short sword
 k - a +0 dagger of pain
 w - a +0 short sword (weapon)
Missiles
 r - 2 poisoned darts
Armour
 a - a +0 robe (worn)
 q - a +0 pair of gloves (worn)
 B - a +0 cloak (worn)
 E - a +0 tower shield
Magical Staves
 s - a staff of earth
Jewellery
 i - a +6 ring of intelligence (left hand)
 C - a ring of see invisible (right hand)
Wands
 x - a wand of quicksilver (18)
Scrolls
 e - 4 scrolls of teleportation {unknown}
 f - 2 scrolls of poison {unknown}
 j - a scroll of acquirement {unknown}
 l - a scroll of enchant armour {unknown}
 n - a scroll of fog {unknown}
 o - 6 scrolls of identify {unknown}
 t - a scroll of amnesia {unknown}
 y - a scroll of silence {unknown}
 D - a scroll of vulnerability {unknown}
Potions
 c - a potion of might
 d - a potion of attraction {unknown}
 g - 2 potions of heal wounds {unknown}
 h - 2 potions of mutation {unknown}
 m - 2 potions of magic
 p - 2 potions of brilliance {unknown}
 u - a potion of degeneration {unknown}
 v - a potion of ambrosia {unknown}
 z - a potion of cancellation {unknown}
 A - a potion of berserk rage {unknown}


   Skills:
 - Level 3.2 Dodging
 - Level 2.0 Stealth
 + Level 7.2 Spellcasting


You knew the following spells:

 Your Spells              Type           Power      Damage    Failure   Level
a - Freeze                Ice            100%       1d10      1%          1
b - Frozen Ramparts       Ice            90%        1d14      1%          3
c - Ozocubu's Armour      Ice            45%        N/A       1%          3
d - Summon Ice Beast      Ice/Summ       45%        N/A       3%          4
e - Summon Small Mammal   Summ           100%       N/A       1%          1
f - Poisonous Vapours     Pois/Air       90%        N/A       1%          2
g - Scorch                Fire           90%        2d8       1%          2
Your spell library was empty.

Dungeon Overview and Level Annotations

Branches:
Dungeon (6/15)
 Temple: D:4-7

Altars:
Gozag
Hepliaklqana

Annotations:
D:4 Duvessa


Innate Abilities, Weirdness & Mutations

You are immune to sickness and miasma.
You are immune to poison.
Your flesh is very heat resistant. (rF++)
You are vulnerable to cold. (rC-)
You float through the air rather than walking.
You learn spells naturally, not from books.
Your magical power is your life essence.
You have superior vitality. (+4 MHP)


Message History

The bolt of dispelling energy hits the scorpion!
The scorpion is heavily wounded.
A jackal comes into view.
The wall freezes Duvessa but does no damage.
Duvessa hits you with a +0 rapier!
Aiming: Quicksilver Bolt
Press: ? - help, Shift-Dir - straight line, f/p - scorpion
Aim: a scorpion (heavily wounded, 71% to hit)
The bolt of dispelling energy misses Duvessa.
The bolt of dispelling energy hits the kobold!
You kill the kobold!
The bolt of dispelling energy hits the scorpion!
The scorpion is almost dead.
The wall freezes Duvessa.
Duvessa barely misses you.
The wall freezes Duvessa!
Duvessa hits you with a +0 rapier!
You barely miss Duvessa.
Duvessa is heavily wounded.
The wall freezes the jackal.
The wall freezes Duvessa.
Duvessa hits you with a +0 rapier!!
* * * LOW HITPOINT WARNING * * *
Casting: Frozen Ramparts (safe; 1% risk of failure)
Confirm with . or Enter, or press ? or * to list all spells.
Flames lash the jackal.
You kill the jackal!
* * * LOW HITPOINT WARNING * * *
The wall freezes the jackal!
You kill the jackal!
The wall freezes Duvessa.
Duvessa completely misses you.
The wall freezes Duvessa but does no damage.
Duvessa hits you with a +0 rapier.
* * * LOW HITPOINT WARNING * * *
Casting: Scorch (safe; 1% risk of failure)
Confirm with . or Enter, or press ? or * to list all spells.
You don't have enough health to cast this spell.
It was a potion of magic.
Magic washes over you without effect.
The wall freezes Duvessa!
Duvessa closely misses you.
It was a potion of might.
You feel very mighty all of a sudden.
The wall freezes Duvessa.
Duvessa hits you with a +0 rapier.
You die...

$.#.........
.#.......s.
...........
..........
#.........
.........
#.)......
####.s......
#######.@e.###....
........#### .
...............
.....
#####..........
.... #..........
#... #..........
#... #..........
#... #..........
#... ######.....
####...


You could see Duvessa (berserk) and a scorpion.

Vanquished Creatures
  An ogre (D:3)
  A phantom (D:5)
  4 scorpions (D:5)
  Blork the orc (D:5)
  Dowan (D:4)
  2 hounds (D:5)
  4 jellies
  2 iguanas (D:5)
  2 adders (D:5)
  An ufetubus (D:4)
  5 worms
  2 dart slugs
  2 orcs (D:5)
  10 endoplasms
  A giant cockroach (D:2)
  7 goblins
  6 hobgoblins
  7 jackals
  6 kobolds
  3 quokkas
  4 ball pythons
  5 bats
  2 frilled lizards
  9 rats
88 creatures vanquished.

Notes
Turn   | Place    | Note
-------+----------+-------------------------------------------
     0 | D:1      | Hubris850 the Djinni Ice Elementalist began the quest for
                  | the Orb.
     0 | D:1      | Hubris850 set off with the following spells memorised:
                  | Freeze, Frozen Ramparts, Ozocubu's Armour, Summon Ice
                  | Beast.
     0 | D:1      | Reached XP level 1. HP: 15/15 MP: 0/0
   164 | D:1      | Reached XP level 2. HP: 18/21 MP: 0/0
   555 | D:1      | Reached XP level 3. HP: 15/25 MP: 0/0
   555 | D:1      | Learned a level 1 spell: Summon Small Mammal
  1774 | D:2      | Reached XP level 4. HP: 31/31 MP: 0/0
  2272 | D:3      | Noticed an ogre
  2290 | D:3      | Killed an ogre
  2291 | D:3      | Reached skill level 4 in Spellcasting
  2291 | D:3      | Reached XP level 5. HP: 19/35 MP: 0/0
  2291 | D:3      | Learned a level 2 spell: Poisonous Vapours
  2831 | D:3      | Found a faded altar of an unknown god.
  2835 | D:3      | Found an opulent altar of Gozag.
  2966 | D:3      | Found a hazy altar of Hepliaklqana.
  3113 | D:4      | Noticed Dowan
  3114 | D:4      | Noticed Duvessa
  3134 | D:4      | Killed Dowan
  3135 | D:4      | Reached skill level 5 in Spellcasting
  3135 | D:4      | Reached XP level 6. HP: 37/40 MP: 0/0
  3195 | D:4      | You are sucked into a shaft and drop 2 floors!
  3294 | D:5      | Entered Level 5 of the Dungeon
  3391 | D:5      | Reached XP level 7. HP: 35/45 MP: 0/0
  3391 | D:5      | Learned a level 2 spell: Scorch
  3498 | D:5      | Noticed Blork the orc
  3506 | D:5      | Killed Blork the orc
  3507 | D:5      | Reached skill level 6 in Spellcasting
  3893 | D:5      | Reached XP level 8. HP: 44/50 MP: 0/0
  3934 | D:5      | Reached skill level 7 in Spellcasting
  4074 | D:4      | HP: 2/50 [Duvessa/+0 rapier (5)]
  4076 | D:4      | Slain by Duvessa

Illustrated notes

Levels and vault maps discovered:
D:1:      spicycebolla_arrival_ecumenical, layout_basic, minivault_23,
          grunt_decor_arrowhead, kennysheep_decorative_pillar,
          hangedman_glass_teeth, columned_hall_lemuel
D:2:      layout_basic
D:3:      layout_basic, nicolae_hepliaklqana_hippocampus,
          nicolae_overflow_ecumenical_swirl
D:4:      layout_rooms, uniq_duvessa
D:5:      layout_gridville, nicolae_uskayaw_dance_hall, zin_treasury,
          minmay_crossroads, uniq_blork_the_orc
D:6:      layout_basic, xom_teletrap_fun, minmay_temple_entry_butterflies,
          ebering_ghost_disaster_area

Skill      XL: |  1  2  3  4  5  6  7  8 |
---------------+-------------------------+-----
Stealth        | 2 |  2.0
Dodging        | 3 |  3.2
Spellcasting   | 4 5 6 7 |  7.2

Action                     |  1- 3 |  4- 6 |  7- 9 || total
---------------------------+-------+-------+-------++-------
  Melee: Short sword       |    32 |    32 |    19 ||    83
         Punch             |     2 |       |       ||     2
         Dagger            |    67 |    26 |       ||    93
  Throw: Dart              |       |     6 |     4 ||    10
   Cast: Freeze            |    23 |    34 |     2 ||    59
         Frozen Ramparts   |       |     4 |     6 ||    10
         Ozocubu's Armour  |       |     1 |     1 ||     2
         Scorch            |       |       |    17 ||    17
  Evoke: Wand              |       |       |     2 ||     2
    Use: Potion            |       |       |     2 ||     2
   Stab: Sleeping          |     5 |       |     1 ||     6
 Armour: Robe              |    20 |    14 |       ||    34
  Dodge: Dodged            |    64 |    38 |    23 ||   125

Table legend: (Time is in decaauts)
 A = Elapsed time spent in this place.
 B = Non-inter-level travel time spent in this place.
 C = Inter-level travel time spent in this place.
 D = Time resting spent in this place.
 E = Time spent auto-exploring this place.
 F = Levels seen in this place.
 G = Mean time per level.
                   A        B        C        D        E       F      G
               +--------+--------+--------+--------+--------+-----+--------+
         Total |   4074 |   3971 |    103 |    529 |   2415 |   6 |  679.0 |
       Dungeon |   4074 |   3971 |    103 |    529 |   2415 |   6 |  679.0 |
               +--------+--------+--------+--------+--------+-----+--------+

Top non-repeatable levels by time:
     D:1: 1109 daAuts
     D:2: 1044 daAuts
     D:3: 916 daAuts
     D:5: 762 daAuts
     D:4: 142 daAuts
     D:6: 98 daAuts
